AoeStats
← LyamNoelenze12

Arena

509714324Analyzed
2v2 RM · 5d ago on Sep 27, 2026· 13m 53s· 4 players
Game mode
Random Map
Map size
Medium (4 player)
Population
200
Speed
Normal
Resources
Standard
Victory
Conquest
Starting age
Dark Age
Ending age
Imperial Age
RankedLock teamsTeams togetherTeam positionsShared explorationLock speedFull tech treeHidden civsTurbo modeCheats
Victory
Defeat
🇨🇱 Franks · Chile
782
+13
🇨🇱 Byzantines · Chile
689
+17
🇫🇷 Britons · France
726
-16
🇵🇪 Inca · Peru
701
-14
Nordinateur93
0:27 Loom
12:04 Feudal Age
14:23 Wheelbarrow
13:31 Horse Collar
13:41 Double-Bit Axe
LyamNoelenze12
nachoverapp
11:30 Feudal Age
12:28 Double-Bit Axe
13:57 Horse Collar
Chaaloo18
11:12 Feudal Age
12:05 Loom
Connection lost

Rejoining the realm…

Still unreachable

The connection could not be restored.

Session expired

The server has moved on; the page needs a fresh start.